 Dungeon Crawl Stone Soup version 0.19-a0-958-gd69d43c (webtiles) character file.

91 HAL9000 the Ruffian (level 4, -1/36 HPs)
             Began as a Draconian Transmuter on July 11, 2016.
             Slain by Crazy Yiuf
             ... wielding a +4 quarterstaff of chaos
              (8 damage)
             ... on level 2 of the Dungeon.
             The game lasted 00:03:18 (2147 turns).

HAL9000 the Ruffian (Draconian Transmuter)          Turns: 2147, Time: 00:03:19

Health: -1/36      AC:  2    Str: 12    XL:     4   Next: 33%
Magic:  3/7        EV: 19    Int: 15    God:
Gold:   119        SH:  0    Dex: 16    Spells: 3 memorised, 1 level left

rFire  . . .     SeeInvis .       - Unarmed
rCold  . . .     Gourm    .     (armour unavailable)
rNeg   . . .     Faith    .     (shield currently unavailable)
rPois  x         Spirit   .     (helmet currently unavailable)
rElec  .         Dismiss  .     (cloak currently unavailable)
rCorr  .         Reflect  .     (gloves currently unavailable)
SustAt .         Harm     .     (boots currently unavailable)
MR     .....                    (no amulet)
Stlth  +.........               (no ring)
                                (no ring)

@: spider-form (expiring), not resistant to hostile enchantments, very
unstealthy
A: unfitting armour, (cold-blooded), AC +5
a: End Transformation


You were on level 2 of the Dungeon.
You were not hungry.
You were a venomous arachnid creature.
You visited 1 branch of the dungeon, and saw 2 of its levels.

You collected 119 gold pieces.

Inventory:

Missiles
 a - 49 arrows
 h - 7 javelins of returning (quivered)
Scrolls
 d - a scroll of remove curse {unknown}
 e - a scroll of teleportation {unknown}
 g - 2 scrolls of identify {unknown}
 i - a scroll of enchant weapon {unknown}
Potions
 f - 2 potions of mutation {unknown}
Books
 b - a book of Changes

   Spells                             Type                      Level
   a - Beastly Appendage              Transmutation                1
   b - Sticks to Snakes               Transmutation                2
   c - Spider Form                    Transmutation/Poison         3
   d - Ice Form                       Ice/Transmutation            4
   e - Blade Hands                    Transmutation                5
Comestibles
 c - a bread ration
 j - a chunk of flesh


   Skills:
 - Level 2.0 Fighting
 - Level 1.7 Dodging
 + Level 3.7 Unarmed Combat
 - Level 2.0 Spellcasting
 * Level 3.7 Transmutations


You had one spell level left.
You knew the following spells:

 Your Spells              Type           Power        Failure   Level  Hunger
a - Beastly Appendage     Tmut           ##....       17%         1    #......
b - Sticks to Snakes      Tmut           ##......     24%         2    ###....
c - Spider Form           Tmut/Pois      #.........   56%         3    ###....


Dungeon Overview and Level Annotations

Branches:
Dungeon (2/15)

Altars:
Fedhas

Annotations:
D:2 Crazy Yiuf


Innate Abilities, Weirdness & Mutations

((Your plain brown scales are hard. (AC +5)))
Your body does not fit into most forms of armour.
((You are cold-blooded and may be slowed by cold attacks.))


Message History

Your ball python grabs Crazy Yiuf.
Your ball python constricts Crazy Yiuf.
Crazy Yiuf hits you with a quarterstaff of chaos!
* * * LOW HITPOINT WARNING * * *
Crazy Yiuf burns you.
* * * LOW HITPOINT WARNING * * *
Your ball python bites Crazy Yiuf.
Your ball python constricts Crazy Yiuf.
You bite Crazy Yiuf!
Crazy Yiuf is poisoned.
Crazy Yiuf is heavily wounded.
Crazy Yiuf hits you with a quarterstaff of chaos.
* * * LOW HITPOINT WARNING * * *
Your ball python bites Crazy Yiuf but does no damage.
Your ball python constricts Crazy Yiuf.
Unknown command.
You hit Crazy Yiuf but do no damage.
Crazy Yiuf looks as sick as possible!
Crazy Yiuf is severely wounded.
Your ball python bites Crazy Yiuf.
Your ball python constricts Crazy Yiuf.
You hit Crazy Yiuf but do no damage.
Crazy Yiuf is severely wounded.
Crazy Yiuf hits you with a quarterstaff of chaos!
You die...

#.# ♣....♣
#####.# ♣.♣
#.#######
♣...♣♣ #.....#
♣)♣ ###'##....#
♣♣.♣♣ #.#####
♣.. ..........#
♣.♣♣ #.# ♣♣.
..........#
♣♣.♣ ##'#+###
♣. ......###.#
♣.♣♣ #......#
♣♣ ......###.#
♣♣.♣ #......# ♣
......##..#
##S## #.†....#
..........#
#.gs# #......#
.####.....#
#...# #...)..#
.# #.....#
#..)#
#..†...######
.# #.....#
#####
#.........#..
.# #.....#
##........'.>
.# #.....##
#.........#..
.# #......#
...........#..
## ###...##
....#########..
#...# ....
#####..


You could see Crazy Yiuf and a friendly ball python.

Vanquished Creatures
  2 gnolls (D:2)
  An adder (D:2)
  A worm (D:2)
  4 dart slugs
  A giant gecko (D:1)
  7 bats
  8 goblins
  6 hobgoblins
  5 kobolds
  4 giant newts
  4 rats
43 creatures vanquished.

Vanquished Creatures (collateral kills)
  A gnoll (D:2)
  An adder (D:2)
  A giant cockroach (D:1)
  A goblin (D:1)
  A rat (D:1)
5 creatures vanquished.

Grand Total: 48 creatures vanquished

Notes
Turn   | Place    | Note
-------+----------+-------------------------------------------
     0 | D:1      | HAL9000 the Draconian Transmuter began the quest for the Orb.
     0 | D:1      | Reached XP level 1. HP: 16/16 MP: 3/3
    98 | D:1      | Reached XP level 2. HP: 18/23 MP: 3/5
   105 | D:1      | Learned a level 2 spell: Sticks to Snakes
   911 | D:1      | Reached XP level 3. HP: 28/29 MP: 4/6
   916 | D:1      | Learned a level 3 spell: Spider Form
  1246 | D:2      | Found a blossoming altar of Fedhas.
  1719 | D:2      | Reached XP level 4. HP: 36/36 MP: 5/7
  2103 | D:2      | Found a runed door.
  2141 | D:2      | Noticed Crazy Yiuf
  2147 | D:2      | Slain by Crazy Yiuf

Vault maps used:
D:1:      dpeg_arrival_another_circle
D:2:      fedhas_altar_4, uniq_crazy_yiuf_cottage

Skill      XL: |  1  2  3  4 |
---------------+-------------+-----
Transmutations | 3 |  3.7
Fighting       | 2 |  2.0
Dodging        | |  1.7
Unarmed Combat | |  3.7
Spellcasting   | |  2.0

Action                   |  1- 3 |  4- 6 || total
-------------------------+-------+-------++-------
Melee: Unarmed           |   137 |    31 ||   168
       Kick              |    14 |     4 ||    18
       Tailslap          |    11 |     4 ||    15
       Headbutt          |     4 |     1 ||     5
 Cast: Beastly Appendage |    23 |     5 ||    28
       Sticks to Snakes  |     3 |     2 ||     5
       Spider Form       |       |     1 ||     1
  Eat: Chunk             |     3 |     2 ||     5
Armor: Skin              |    55 |    12 ||    67
Dodge: Dodged            |   113 |    20 ||   133
